[Event "ICCopen2017"]
[Site "Internet Chess Club"]
[Date "2017.03.25"]
[Round "2"]
[White "nadalthegreat"]
[Black "ZavenGrozny"]
[Result "0-1"]
[ICCResult "White checkmated"]
[WhiteElo "2002"]
[BlackElo "3136"]
[Opening "Benkö gambit"]
[ECO "A57"]
[NIC "BI.46"]
[Time "14:17:51"]
[TimeControl "180+0"]

1. d4 Nf6 2. c4 c5 3. d5 b5 4. b3 g6 5. Bb2 Bg7 6. Nf3 O-O 7. Nbd2 bxc4 8.
bxc4 d6 9. Nb3 a5 10. a4 Na6 11. g3 Rb8 12. Bxf6 Bxf6 13. Rc1 Bd7 14. Nbd2
Rb4 15. Ne4 Bg7 16. Bg2 Bxa4 17. Qd3 Rb3 18. Qd2 Rb2 19. Qd3 Nb4 20. Qa3 Ra2
21. Qe3 Nc2+ 22. Rxc2 Bxc2 23. O-O Bxe4 24. Qxe4 a4 25. h4 a3 26. h5 Ra1 27.
hxg6 Rxf1+ 28. Bxf1 hxg6 29. Ng5 Bf6 30. Ne6 fxe6 31. Qxg6+ Bg7 32. Bh3 Rf6
33. Bxe6+ Kh8 34. Qb1 Qa8 35. Qa2 Qa4 36. g4 Qb4 37. Qc2 Qe1+ 38. Kg2 Qxf2+
39. Kh3 Rh6# {White checkmated} 0-1

[Event "ICCopen2017"]
[Site "Internet Chess Club"]
[Date "2017.03.25"]
[Round "2"]
[White "uggi"]
[Black "Cantalarrana"]
[Result "1-0"]
[ICCResult "Black forfeits on time"]
[WhiteElo "1979"]
[BlackElo "1525"]
[Opening "QGD: Chigorin defense"]
[ECO "D07"]
[NIC "QP.08"]
[Time "14:16:45"]
[TimeControl "180+0"]

1. d4 d5 2. c4 Nc6 3. Nf3 Bg4 4. Nc3 Nf6 5. Bf4 e6 6. e3 Bb4 7. Qb3 O-O 8.
Be2 dxc4 9. Qxc4 Qd5 10. Qd3 Ne4 11. O-O Bxc3 12. bxc3 Nd6 13. c4 Qa5 14. c5
Bf5 15. Qb3 Ne4 16. Qxb7 Nc3 17. Bc4 Ne7 18. Bxc7 Qa4 19. Bb3 Be4 20. Bxa4
Bxb7 21. Bb3 Bxf3 22. gxf3 Rfc8 23. Bf4 Ned5 24. Bg3 Rab8 25. Kg2 a5 26.
Rac1 a4 27. Bxd5 Nxd5 28. Rc2 Rb4 29. Rfc1 {Black forfeits on time} 1-0

[Event "ICCopen2017"]
[Site "Internet Chess Club"]
[Date "2017.03.25"]
[Round "2"]
[White "DEHO"]
[Black "CIROVICZCHESS"]
[Result "1-0"]
[ICCResult "Black checkmated"]
[WhiteElo "2034"]
[BlackElo "1530"]
[Opening "Nimzo-Indian: classical variation"]
[ECO "E32"]
[NIC "NI.20"]
[Time "14:16:30"]
[TimeControl "180+0"]

1. d4 e6 2. c4 Nf6 3. Nc3 Bb4 4. Qc2 O-O 5. a3 Bxc3+ 6. Qxc3 b6 7. Bg5 Bb7
8. e3 d6 9. Ne2 Nbd7 10. Qc2 h6 11. Bh4 Qe8 12. Nc3 c5 13. Rd1 a6 14. f3 Rc8
15. Be2 g5 16. Bg3 d5 17. Bd6 cxd4 18. Rxd4 dxc4 19. Bxf8 Kxf8 20. Rxc4 Rxc4
21. Bxc4 Ne5 22. Be2 g4 23. Rf1 gxf3 24. gxf3 Qc8 25. Qd2 Qc5 26. Kf2 Nc4
27. Bxc4 Qxc4 28. Qd4 Qxd4 29. exd4 b5 30. Rc1 Ke7 31. Ne2 Nd5 32. Rc5 Kf6
33. Nc3 Nf4 34. Rc7 Ba8 35. Ke3 Ng2+ 36. Kf2 Nh4 37. Ne4+ Bxe4 38. fxe4 Ng6
39. Ke3 Nf8 40. Ra7 e5 41. Rxa6+ Kg5 42. d5 Nd7 43. Ra5 Nb6 44. Rxb5 Nc4+
45. Ke2 f6 46. a4 f5 47. exf5 Kxf5 48. a5 Nd6 49. Rb8 Ne4 50. a6 Nc5 51. a7
e4 52. a8=Q e3 53. Qc6 Ne4 54. Qe6+ Kf4 55. Rf8+ Kg5 56. Qg8+ Kh5 57. Rf5+
Ng5 58. Qf7+ Kh4 59. Rf4+ Kh3 60. Qh5+ Kg2 61. Qg4+ Kxh2 62. Rf1 Nf3 63.
Qxf3 h5 64. Rh1# {Black checkmated} 1-0

[Event "ICCopen2017"]
[Site "Internet Chess Club"]
[Date "2017.03.25"]
[Round "2"]
[White "MrsPiggy"]
[Black "Teoretik"]
[Result "0-1"]
[ICCResult "White resigns"]
[WhiteElo "1335"]
[BlackElo "1670"]
[Opening "Queen's pawn game"]
[ECO "E00"]
[NIC "QP.07"]
[Time "14:17:00"]
[TimeControl "180+0"]

1. d4 Nf6 2. c4 e6 3. e3 d5 4. Nf3 Be7 5. Bd3 b6 6. O-O Bb7 7. b3 O-O 8. Bb2
Ne4 9. Nbd2 f5 10. Ne5 Nd7 11. f3 Nxe5 12. dxe5 Nc5 13. Be2 Bg5 14. f4 Be7
15. Nf3 Ne4 16. Nd4 Qd7 17. cxd5 exd5 18. Bb5 c6 19. Be2 Rad8 20. Nf3 Bc5
21. Bd4 Rfe8 22. a3 Bxd4 23. exd4 c5 24. Rc1 h6 25. Bd3 Qe7 26. a4 Ba8 27.
Bb5 Rf8 28. Bd3 Bc6 29. Qe1 Rde8 30. Nh4 Qf7 31. Qe2 Bb7 32. Qf3 cxd4 33.
Be2 Nc3 34. Qh5 Nxe2+ 35. Kh1 Qxh5 {White resigns} 0-1

[Event "ICCopen2017"]
[Site "Internet Chess Club"]
[Date "2017.03.25"]
[Round "2"]
[White "tigerr"]
[Black "julkat-ch"]
[Result "1-0"]
[ICCResult "Black forfeits on time"]
[WhiteElo "1672"]
[BlackElo "1824"]
[Opening "Sicilian: Kan, 5.Bd3"]
[ECO "B42"]
[NIC "SI.42"]
[Time "14:16:29"]
[TimeControl "180+0"]

1. e4 c5 2. Nf3 e6 3. d4 cxd4 4. Nxd4 a6 5. Bd3 Nf6 6. Qd2 Nc6 7. Nxc6 dxc6
8. O-O e5 9. Qe2 Bc5 10. Nd2 O-O 11. Nc4 Re8 12. Bg5 h6 13. Bh4 b5 14. Ne3
Be6 15. Rad1 Be7 16. Nf5 Bf8 17. Qf3 Bxf5 18. Qxf5 Qc8 19. Bxf6 Qxf5 20.
exf5 gxf6 21. Be4 Rac8 22. Rd7 Re7 23. Rfd1 Rxd7 24. Rxd7 Bc5 25. g4 Kf8 26.
Kf1 Ke8 27. Rb7 a5 28. Ke2 Bd6 29. h3 a4 30. f3 a3 31. b3 b4 32. Kd3 c5 33.
Kc4 Be7 34. Bd5 Rd8 35. Rc7 Kf8 36. h4 Ke8 37. Bc6+ Kf8 38. Bd5 Ke8 39. Ra7
Kf8 40. Rc7 Ke8 41. g5 fxg5 42. f6 Bxf6 43. hxg5 Bxg5 44. Bxf7+ Kf8 45. Bd5
Ke8 46. Kxc5 Be7+ 47. Kc4 h5 48. Rc6 Rd6 49. Rc8+ Rd8 50. Rc7 h4 51. Be6 Rd6
52. Bg4 Kf7 53. Rc8 Rd8 54. Rc7 Kf6 55. c3 bxc3 56. Kxc3 Rg8 57. Rc6+ Kg5
58. Re6 Bf6 59. Kd3 Rh8 60. Ke4 h3 61. Bf5 {Black forfeits on time} 1-0

[Event "ICCopen2017"]
[Site "Internet Chess Club"]
[Date "2017.03.25"]
[Round "2"]
[White "manusupergm2001"]
[Black "dhar2603"]
[Result "1-0"]
[ICCResult "Black resigns"]
[WhiteElo "2181"]
[BlackElo "1763"]
[Opening "Van't Kruijs opening"]
[ECO "E60"]
[Time "14:17:38"]
[TimeControl "180+0"]

1. e3 Nf6 2. d4 g6 3. c4 Bg7 4. Nc3 d6 5. Nf3 O-O 6. Be2 Nbd7 7. d5 Re8 8.
O-O h6 9. e4 e6 10. dxe6 Rxe6 11. Nd4 Re8 12. Bf3 c6 13. Bf4 Nc5 14. Re1 Ne6
15. Nxe6 Bxe6 16. Bxd6 Bxc4 17. e5 Nd7 18. Qa4 b5 19. Qa6 Bxe5 20. Bxc6 Bxd6
21. Bxa8 Rxe1+ 22. Rxe1 Nb6 23. Bf3 b4 24. Nb5 Qg5 25. Bc6 Kg7 26. Qxa7 Nd5
27. Qd4+ {Black resigns} 1-0

[Event "ICCopen2017"]
[Site "Internet Chess Club"]
[Date "2017.03.25"]
[Round "2"]
[White "LastSheep"]
[Black "DropZone"]
[Result "0-1"]
[ICCResult "White resigns"]
[WhiteElo "1580"]
[BlackElo "2131"]
[Opening "Sicilian: closed, 2...Nc6"]
[ECO "B23"]
[NIC "SI.44"]
[Time "14:16:49"]
[TimeControl "180+0"]

1. e4 c5 2. Nc3 Nc6 3. Nf3 e6 4. h3 a6 5. d4 cxd4 6. Nxd4 Qc7 7. Nxc6 dxc6
8. Bd3 e5 9. O-O Nf6 10. Kh2 Be6 11. f4 exf4 12. Bxf4 Bd6 13. Bxd6 Qxd6+ 14.
Kh1 Rd8 15. Qf3 Qe5 16. Qf4 Qxf4 17. Rxf4 O-O 18. Raf1 Nd7 19. Ne2 Ne5 20.
Nc1 h6 21. b3 b5 22. a4 Rd7 23. axb5 axb5 24. Na2 Ra8 25. Nb4 Rda7 26. Be2
Ra1 27. Rxa1 Rxa1+ 28. Kh2 Re1 29. Bd3 Re3 30. Rf1 Nxd3 31. cxd3 Bxb3 32.
Rc1 Be6 33. Rxc6 Re2 34. d4 Rxe4 35. d5 Rxb4 36. dxe6 fxe6 37. Rxe6 Rb1 38.
Rb6 Kf7 39. h4 b4 40. Kg3 b3 41. Rb5 Ke6 42. Rb7 b2 43. Kh2 Kf5 44. Rb4 Ke5
45. Rb8 Kd4 46. Rd8+ Ke3 47. Re8+ Kd2 48. Rd8+ Ke3 49. Re8+ Kf4 50. Rf8+ Kg4
51. Rb8 Kxh4 52. Rb4+ Kg5 53. Kg3 Kg6 54. Rb6+ Kh7 55. Rb7 h5 56. Rb5 Kh6
57. Rb6+ g6 58. Rb8 Kg5 59. Rb5+ Kh6 60. Rb6 h4+ 61. Kh2 Kh5 62. Rb5+ g5 63.
Rb8 Kg4 64. Rb4+ Kf5 65. Rb5+ Kf4 66. Rb4+ Ke3 67. Rb8 g4 68. Re8+ Kf4 69.
Rf8+ Ke5 70. Re8+ Kf6 71. Rb8 g3+ {White resigns} 0-1

[Event "ICCopen2017"]
[Site "Internet Chess Club"]
[Date "2017.03.25"]
[Round "2"]
[White "carpedef"]
[Black "playwaycool"]
[Result "0-1"]
[ICCResult "White resigns"]
[WhiteElo "1785"]
[BlackElo "2263"]
[Opening "Ruy Lopez: closed, Keres (...Nd7) defense"]
[ECO "C96"]
[NIC "RL.23"]
[Time "14:16:43"]
[TimeControl "180+0"]

1. e4 e5 2. Nf3 Nc6 3. Bb5 a6 4. Ba4 Nf6 5. O-O Be7 6. Re1 b5 7. Bb3 d6 8.
c3 O-O 9. h3 Na5 10. Bc2 c5 11. d4 Nd7 12. Nbd2 exd4 13. cxd4 Nc6 14. Nf1
Nxd4 15. Nxd4 cxd4 16. Qxd4 Ne5 17. Ng3 Bf6 18. Qd1 Be6 19. Kh2 Nc4 20. Rb1
Qb6 21. b3 Ne5 22. f4 Ng6 23. f5 Be5 24. fxg6 Qf2 25. gxh7+ Kh8 26. Re3 Rac8
27. Bd3 Qxa2 28. Re2 Qa5 29. Bd2 Qc7 30. Qe1 Qe7 31. Kh1 Qh4 32. Nf5 Qf6 33.
Qf1 Qg6 34. Qf3 Rfe8 35. Rf1 Bxb3 36. Nh4 Qe6 37. Bf4 Bxf4 38. Qxf4 Qe5 39.
Qxe5 Rxe5 40. Nf5 d5 41. exd5 Rxe2 42. Bxe2 Bxd5 43. Rd1 Be6 44. Bd3 g6 45.
Nd6 Rd8 46. Nb7 Rd4 47. Nc5 Bc4 48. Bc2 Rxd1+ 49. Bxd1 b4 50. Bb3 Bxb3 51.
Nxb3 Kxh7 52. Kg1 Kg7 53. Kf2 Kf6 54. Ke3 Kg5 55. Kd4 Kh4 56. g4 Kxh3 57.
Ke5 Kxg4 58. Kf6 g5 59. Kxf7 Kf4 60. Kf6 g4 61. Nd4 g3 62. Ke6 g2 63. Kd6
Ke3 64. Nf5+ Kf2 {White resigns} 0-1

[Event "ICCopen2017"]
[Site "Internet Chess Club"]
[Date "2017.03.25"]
[Round "2"]
[White "Irenaeus"]
[Black "jeffers9"]
[Result "1-0"]
[ICCResult "Black resigns"]
[WhiteElo "1713"]
[BlackElo "1360"]
[Opening "Pirc defense"]
[ECO "B07"]
[NIC "PU.07"]
[Time "14:18:20"]
[TimeControl "180+0"]

1. e4 d6 2. d4 Nf6 3. Nc3 g6 4. Be3 Bg7 5. f3 O-O 6. Qd2 c5 7. dxc5 Qa5 8.
cxd6 exd6 9. Bc4 Nc6 10. Nge2 Rd8 11. O-O a6 12. Bb3 Be6 13. Rad1 b5 14. Nd5
Bxd5 15. exd5 Ne5 16. Qxa5 Rac8 17. Bd4 Nc4 18. Bxc4 bxc4 19. c3 Re8 20. Ng3
h5 21. Rfe1 Kh7 22. Ne4 Red8 23. Nxf6+ Bxf6 24. Bxf6 Re8 25. Rxe8 Rxe8 26.
Qxa6 Re2 27. Qc8 g5 28. g4 Kg6 29. Qh8 {Black resigns} 1-0

[Event "ICCopen2017"]
[Site "Internet Chess Club"]
[Date "2017.03.25"]
[Round "2"]
[White "Hacker21"]
[Black "devotional"]
[Result "0-1"]
[ICCResult "White checkmated"]
[WhiteElo "1692"]
[BlackElo "2040"]
[Opening "Réti: King's Indian attack (Barcza system)"]
[ECO "A07"]
[NIC "QP.09"]
[Time "14:17:41"]
[TimeControl "180+0"]

1. Nf3 d5 2. g3 Nf6 3. Bg2 g6 4. b3 Bg7 5. Bb2 O-O 6. O-O c5 7. d3 Nc6 8.
Ne5 Bd7 9. Nd2 Rc8 10. Nxd7 Qxd7 11. Nf3 d4 12. a4 e5 13. e3 dxe3 14. fxe3
e4 15. dxe4 Qxd1 16. Raxd1 Nxe4 17. Bxg7 Kxg7 18. Rd7 b6 19. Rfd1 Nf6 20.
R7d6 Ne4 21. Rd7 Nf6 22. R7d6 Nb4 23. c3 Na2 24. R1d3 Ne4 25. Rd7 Naxc3 26.
Rxa7 Rcd8 27. Rdd7 Rxd7 28. Rxd7 Kf6 29. h4 h6 30. Rb7 Nd5 31. Ng5 hxg5 32.
hxg5+ Kxg5 33. Bxe4 Nxe3 34. Rxb6 f5 35. Bd3 Rd8 36. Bb5 Rd1+ 37. Kf2 Ng4+
38. Kf3 Rd2 39. a5 Rf2# {White checkmated} 0-1

[Event "ICCopen2017"]
[Site "Internet Chess Club"]
[Date "2017.03.25"]
[Round "2"]
[White "pagoda"]
[Black "Butters"]
[Result "0-1"]
[ICCResult "White resigns"]
[WhiteElo "1838"]
[BlackElo "2501"]
[Opening "Dunst (Sleipner, Heinrichsen) opening"]
[ECO "A00"]
[NIC "VO.15"]
[Time "14:18:17"]
[TimeControl "180+0"]

1. Nc3 d5 2. e4 c6 3. exd5 a6 4. dxc6 Nxc6 5. Nf3 e5 6. Bc4 Bc5 7. d3 Bg4 8.
Be3 Bxe3 9. fxe3 Nf6 10. O-O Qb6 11. Qc1 O-O 12. Bb3 Rac8 13. h3 Bh5 14. Kh1
Bg6 15. e4 Nh5 16. Kh2 Na5 17. Nd5 Qd6 18. Qg5 Nxb3 19. cxb3 Rfe8 20. g4 h6
21. Qe3 Nf6 22. Nxf6+ Qxf6 23. Rac1 Rcd8 24. d4 exd4 25. Nxd4 Qxd4 26. Qf4
Qd2+ 27. Kg1 Qxf4 28. Rxf4 Rxe4 29. Rxe4 Bxe4 30. Kf2 Bc6 31. Ke3 Re8+ 32.
Kd3 h5 33. gxh5 Re5 34. h6 gxh6 35. Rg1+ Kf8 {White resigns} 0-1

[Event "ICCopen2017"]
[Site "Internet Chess Club"]
[Date "2017.03.25"]
[Round "2"]
[White "Voltage"]
[Black "zepelin"]
[Result "0-1"]
[ICCResult "White resigns"]
[WhiteElo "2488"]
[BlackElo "1909"]
[Opening "Modern defense"]
[ECO "A40"]
[NIC "QO.17"]
[Time "14:17:43"]
[TimeControl "180+0"]

1. d4 g6 2. Nf3 Bg7 3. c4 c5 4. d5 d6 5. Nc3 e5 6. e4 Ne7 7. Bd3 O-O 8. O-O
h6 9. Ne1 f5 10. f4 exf4 11. Bxf4 g5 12. Bd2 f4 13. Be2 Nd7 14. Nd3 Ng6 15.
Bg4 Nde5 16. Bxc8 Rxc8 17. Nxe5 Nxe5 18. b3 a6 19. Qe2 Qd7 20. Rae1 Rce8 21.
Nd1 Ng4 22. h3 Bd4+ 23. Kh1 Nf6 24. Qf3 Qh7 25. Nc3 Qg6 26. Kh2 Re7 27. Re2
Rfe8 28. Rfe1 Nd7 29. Qg4 Ne5 30. Qf5 Qxf5 31. exf5 Bxc3 32. f6 Nf3+ 33.
gxf3 Rxe2+ {White resigns} 0-1

[Event "ICCopen2017"]
[Site "Internet Chess Club"]
[Date "2017.03.25"]
[Round "2"]
[White "cool64chess"]
[Black "jps7"]
[Result "1-0"]
[ICCResult "Black checkmated"]
[WhiteElo "2124"]
[BlackElo "1494"]
[Opening "QGD: 4.Nf3"]
[ECO "D37"]
[NIC "QO.16"]
[Time "14:16:35"]
[TimeControl "180+0"]

1. d4 d5 2. c4 e6 3. Nc3 Nf6 4. Nf3 a6 5. Bg5 b6 6. e3 Bb7 7. cxd5 exd5 8.
Bd3 Nbd7 9. O-O Bd6 10. Rc1 O-O 11. Qc2 h6 12. Bh4 Rc8 13. Rfd1 Qe7 14. Bf5
c5 15. Bxd7 Qxd7 16. Bxf6 gxf6 17. dxc5 Rxc5 18. Nd4 Rfc8 19. Qd2 Be5 20.
Nce2 Bxd4 21. Nxd4 Rxc1 22. Rxc1 Rxc1+ 23. Qxc1 Kg7 24. h3 f5 25. Qc3 f6 26.
Qb4 b5 27. Qc5 Kg6 28. Qf8 Qf7 29. Qxf7+ Kxf7 30. Nxf5 Kg6 31. Nd4 Kf7 32.
Kf1 h5 33. a3 Ke7 34. Ke2 Kd6 35. b4 Ke5 36. Kf3 f5 37. h4 Kf6 38. Kf4 Bc8
39. Ne2 Bb7 40. Ng3 Bc8 41. Nxh5+ Kg6 42. Ng3 Kf6 43. h5 Bd7 44. h6 Kg6 45.
Nxf5 Be6 46. g4 Bxf5 47. gxf5+ Kxh6 48. Ke5 Kg7 49. Kxd5 Kf6 50. e4 Kf7 51.
e5 Ke7 52. f4 Kd7 53. f6 Ke8 54. Ke6 Kf8 55. f7 a5 56. bxa5 b4 57. a6 bxa3
58. a7 a2 59. a8=Q+ Kg7 60. f8=Q+ Kg6 61. Qae8+ Kh7 62. Qef7# {Black
checkmated} 1-0

[Event "ICCopen2017"]
[Site "Internet Chess Club"]
[Date "2017.03.25"]
[Round "2"]
[White "Mercury"]
[Black "RdgMx"]
[Result "1/2-1/2"]
[ICCResult "Game drawn because neither player has mating material"]
[WhiteElo "2157"]
[BlackElo "1777"]
[Opening "Catalan: closed, 5.Nf3"]
[ECO "E06"]
[NIC "CA.04"]
[Time "14:16:27"]
[TimeControl "180+0"]

1. Nf3 e6 2. c4 d5 3. d4 Nf6 4. g3 Be7 5. Bg2 O-O 6. O-O c6 7. Qc2 b6 8. Rd1
Bb7 9. b3 Qc8 10. Nc3 c5 11. cxd5 Nxd5 12. Nxd5 Bxd5 13. e4 Bb7 14. d5 exd5
15. exd5 Bf6 16. Rb1 Nd7 17. Ng5 Bxg5 18. Bxg5 h6 19. Be7 Re8 20. d6 Bxg2
21. Kxg2 Qc6+ 22. f3 Ne5 23. Qe4 Qxe4 24. fxe4 Nd7 25. Rd5 f6 26. b4 cxb4
27. Rxb4 Kf7 28. a4 Rac8 29. a5 Rc6 30. axb6 axb6 31. Rd2 Rec8 32. Kh3 Rc2
33. Rxc2 Rxc2 34. Ra4 Ke6 35. Ra8 Nc5 36. Bf8 Rd2 37. Re8+ Kf7 38. Rb8 Nd7
39. Rb7 Ke6 40. Bxg7 Rxd6 41. Bxh6 Rd4 42. Bf4 Rxe4 43. Kg4 Rb4 44. h4 Ne5+
45. Kh5 Nf7 46. Kg6 Ne5+ 47. Kg7 Rb5 48. h5 Ng4 49. h6 Nxh6 50. Kxh6 Kf5 51.
Bc7 Rb3 52. Bxb6 Rxb6 53. Rxb6 Kg4 54. Rxf6 Kxg3 55. Rf2 Kxf2
{Game drawn because neither player has mating material}
1/2-1/2

[Event "ICCopen2017"]
[Site "Internet Chess Club"]
[Date "2017.03.25"]
[Round "2"]
[White "P10"]
[Black "Buscapina"]
[Result "0-1"]
[ICCResult "White resigns"]
[WhiteElo "1533"]
[BlackElo "2103"]
[Opening "French: advance, Milner-Barry gambit"]
[ECO "C02"]
[NIC "FR.03"]
[Time "14:17:41"]
[TimeControl "180+0"]

1. e4 e6 2. d4 d5 3. e5 c5 4. c3 Qb6 5. Nf3 Nc6 6. Bd3 cxd4 7. cxd4 Bd7 8.
Bc2 Nh6 9. a3 Nf5 10. Bxf5 exf5 11. Nc3 Be6 12. O-O Be7 13. b4 O-O 14. Be3
Rfc8 15. Qa4 Nxb4 16. axb4 Rxc3 17. Bd2 Rc4 18. Rfc1 a6 19. Rxc4 dxc4 20.
Bc3 Rc8 21. Nd2 Bd5 22. Re1 Qc6 23. Qxc6 Rxc6 24. Re3 Rb6 25. g4 f4 26. Rh3
Bxb4 27. Bxb4 Rxb4 28. f3 c3 29. Ne4 c2 {White resigns} 0-1

[Event "ICCopen2017"]
[Site "Internet Chess Club"]
[Date "2017.03.25"]
[Round "2"]
[White "mrneale"]
[Black "Fight-Chess"]
[Result "0-1"]
[ICCResult "White resigns"]
[WhiteElo "1068"]
[BlackElo "1599"]
[Opening "Torre attack (Tartakower variation)"]
[ECO "D03"]
[NIC "QP.06"]
[Time "14:18:29"]
[TimeControl "180+0"]

1. d4 Nf6 2. Nf3 d5 3. Bg5 e6 4. e3 Bd6 5. Bd3 O-O 6. Nbd2 b6 7. O-O Bb7 8.
Re1 Nbd7 9. e4 dxe4 10. Nxe4 Be7 11. Nxf6+ Nxf6 12. c3 Nd5 13. Bxe7 Qxe7 14.
c4 Nf4 15. d5 Qf6 16. dxe6 Nxe6 17. b3 Rad8 18. Qe2 Nf4 19. Bxh7+ Kxh7 20.
Qc2+ Qg6 21. g3 Qxc2 {White resigns} 0-1

[Event "ICCopen2017"]
[Site "Internet Chess Club"]
[Date "2017.03.25"]
[Round "2"]
[White "Veldigo"]
[Black "psychopat2016"]
[Result "1-0"]
[ICCResult "Black forfeits on time"]
[WhiteElo "1668"]
[BlackElo "1270"]
[Opening "Bird's opening"]
[ECO "A03"]
[NIC "VO.07"]
[Time "14:16:32"]
[TimeControl "180+0"]

1. f4 d5 2. Nf3 Nc6 3. e3 g6 4. d4 Bg7 5. c3 e5 6. fxe5 f6 7. exf6 Nxf6 8.
Bd3 O-O 9. O-O Ne4 10. Nbd2 Bf5 11. Qe2 Qd7 12. Bb1 Rae8 13. Nxe4 Bxe4 14.
Bd2 Bxf3 15. Rxf3 Rxf3 16. Qxf3 Rf8 17. Qe2 Ne7 18. e4 dxe4 19. Bxe4 Nf5 20.
Rf1 c6 21. Bc1 Re8 22. Qc4+ Kh8 23. Bxf5 gxf5 24. Bf4 b5 25. Qd3 c5 26. Rd1
c4 27. Qf3 Qf7 28. Rf1 a5 29. a3 b4 30. axb4 axb4 31. h3 bxc3 32. bxc3 Qa7
33. Qd5 Qa2 34. Qf7 Rg8 35. Rf2 Qb1+ 36. Kh2 Bxd4 37. cxd4 Qe4 38. Be5+
{Black forfeits on time}
1-0

[Event "ICCopen2017"]
[Site "Internet Chess Club"]
[Date "2017.03.25"]
[Round "2"]
[White "floyd76"]
[Black "rugsy"]
[Result "1-0"]
[ICCResult "Black forfeits on time"]
[WhiteElo "1723"]
[BlackElo "1376"]
[Opening "Sicilian: Nimzovich-Rubinstein variation"]
[ECO "B29"]
[NIC "SI.43"]
[Time "14:16:25"]
[TimeControl "180+0"]

1. e4 c5 2. Nf3 Nf6 3. e5 Nd5 4. d4 cxd4 5. Nxd4 e6 6. c4 Bb4+ 7. Bd2 Bxd2+
8. Nxd2 Ne7 9. Bd3 Nbc6 10. Nxc6 Nxc6 11. Ne4 Qa5+ 12. Kf1 Qxe5 13. g3 O-O
14. f4 Qd4 15. Nc3 g6 16. Kg2 e5 17. Rf1 Nb4 18. Be2 Qxd1 19. Raxd1 exf4 20.
Rxf4 Nc6 21. a3 a6 22. Nd5 Kg7 23. b4 Ne5 24. Nc7 Rb8 25. c5 b6 26. Rd5 Bb7
27. cxb6 Bxd5+ 28. Nxd5 f6 29. a4 Rfc8 30. Bxa6 Rc2+ 31. Kh3 Rd2 32. Nxf6
Rxb6 33. Ne4 Ra2 34. Bb5 d5 35. Nc5 g5 36. Rf5 Ng6 37. Rxg5 Rf6 38. Rxd5
Rff2 39. Rd7+ Kh6 40. Kg4 Rxh2 41. Ne4 Rhb2 42. Rd6 Rxb4 43. Kf5 Rg2 44. g4
Rxg4 45. Kxg4 Rxe4+ 46. Kf5 Rf4+ 47. Ke6 Re4+ 48. Kd7 Re1 49. Bd3 Rg1 50. a5
Kg7 51. a6 Ra1 52. Bxg6 hxg6 53. Kc6 Rc1+ 54. Kb7 Rb1+ 55. Ka8 Ra1 56. a7 g5
57. Rb6 Ra2 58. Kb8 g4 59. a8=Q Rxa8+ 60. Kxa8 {Black forfeits on time} 1-0

[Event "ICCopen2017"]
[Site "Internet Chess Club"]
[Date "2017.03.25"]
[Round "2"]
[White "darkprince"]
[Black "BeerMeUpScotty"]
[Result "1-0"]
[ICCResult "Black forfeits on time"]
[WhiteElo "1256"]
[BlackElo "1589"]
[Opening "Sicilian: Scheveningen (Paulsen), classical variation"]
[ECO "B84"]
[NIC "SI.23"]
[Time "14:16:30"]
[TimeControl "180+0"]

1. e4 c5 2. Nf3 d6 3. d4 cxd4 4. Nxd4 Nf6 5. Nc3 a6 6. Be2 e6 7. O-O Qc7 8.
a4 Nc6 9. Be3 Be7 10. Nb3 O-O 11. a5 Nd7 12. Qd2 Rd8 13. f3 Nce5 14. Qe1 Nc4
15. Bxc4 Qxc4 16. Qf2 Bf6 17. Nd2 Qc7 18. Bd4 Ne5 19. h3 Qe7 20. Na4 Nd7 21.
Nb6 Bxd4 22. Qxd4 Nxb6 23. Qxb6 Rb8 24. Rfd1 Bd7 25. c3 Bc6 26. Qe3 d5 27.
e5 Qc7 28. f4 Rd7 29. Nf3 Rbd8 30. Nd4 g6 31. Rd2 Kg7 32. Kh2 Kg8 33. b4 Rc8
34. Rc2 Bb5 35. Rac1 Bc4 36. Rd2 Rdd8 37. h4 Qe7 38. g3 h5 39. Nf3 Kg7 40.
Ng5 Re8 41. Nf3 f6 42. exf6+ Qxf6 43. Ne5 Qf5 44. Re1 Re7 45. Rc2 Bb5 46.
Rd2 Rce8 47. Qd4 Qf6 48. Qb6 Kh6 49. Qe3 Qf5 50. Qf3 Bc6 51. Qe3
{Black forfeits on time}
1-0

[Event "ICCopen2017"]
[Site "Internet Chess Club"]
[Date "2017.03.25"]
[Round "2"]
[White "notetengomiedo"]
[Black "Aravind"]
[Result "0-1"]
[ICCResult "White resigns"]
[WhiteElo "1753"]
[BlackElo "2204"]
[Opening "Ruy Lopez: Schliemann defense"]
[ECO "C63"]
[NIC "RL.06"]
[Time "14:17:12"]
[TimeControl "180+0"]

1. e4 e5 2. Nf3 Nc6 3. Bb5 f5 4. d4 fxe4 5. Nxe5 Nxe5 6. dxe5 c6 7. Nc3 cxb5
8. Nxe4 d5 9. exd6 Nf6 10. Qd4 Kf7 11. Bg5 Be6 12. O-O h6 13. Bxf6 gxf6 14.
Rad1 Bg7 15. Nc5 Bc4 16. Rfe1 Re8 17. b3 b6 18. Nb7 Qd7 19. bxc4 Qxb7 20.
cxb5 Rad8 21. Rxe8 Rxe8 22. d7 Rd8 23. Qc4+ Kg6 24. Qc6 Qb8 25. Rd3 Qe5 26.
h4 Bf8 27. Rg3+ Kh7 28. Rd3 Qe1+ 29. Kh2 Qxf2 30. Qe6 Qxh4+ 31. Kg1 Bc5+ 32.
Re3 Bxe3+ 33. Qxe3 Rxd7 34. Qe4+ Qxe4 {White resigns} 0-1

[Event "ICCopen2017"]
[Site "Internet Chess Club"]
[Date "2017.03.25"]
[Round "2"]
[White "Unico"]
[Black "fletcherdavid"]
[Result "1-0"]
[ICCResult "Black resigns"]
[WhiteElo "2523"]
[BlackElo "1868"]
[Opening "Queen's pawn game"]
[ECO "D02"]
[NIC "QP.08"]
[Time "14:18:06"]
[TimeControl "180+0"]

1. d4 d5 2. Nf3 e6 3. c4 f5 4. g3 Nf6 5. Bg2 c6 6. O-O Bd6 7. b3 O-O 8. Ba3
Ne4 9. Ne5 Bxa3 10. Nxa3 Nd7 11. Nxd7 Bxd7 12. Nc2 Qf6 13. Qd3 Rae8 14. e3
g5 15. f3 Nd6 16. c5 Nf7 17. f4 g4 18. b4 a6 19. a4 h5 20. b5 axb5 21. axb5
Ra8 22. b6 h4 23. Rxa8 Rxa8 24. Ra1 Rxa1+ 25. Nxa1 h3 26. Bf1 Qd8 27. Qa3
Qc8 28. Nb3 Nd8 29. Qa7 Kf7 30. Na5 Ke8 31. Kf2 Ke7 32. Ke1 Ke8 33. Kd2 Ke7
34. Kc3 Ke8 35. Kb4 Ke7 36. Be2 Be8 37. Ba6 Bd7 38. Bxb7 Nxb7 39. Nxb7 e5
40. dxe5 {Black resigns} 1-0

[Event "ICCopen2017"]
[Site "Internet Chess Club"]
[Date "2017.03.25"]
[Round "2"]
[White "jjmolina"]
[Black "Nfurter"]
[Result "0-1"]
[ICCResult "White forfeits on time"]
[WhiteElo "1368"]
[BlackElo "1691"]
[Opening "Philidor: Improved Hanham variation"]
[ECO "B07"]
[NIC "PU.08"]
[Time "14:17:14"]
[TimeControl "180+0"]

1. e4 d6 2. d4 Nf6 3. Nc3 Nbd7 4. Nf3 e5 5. dxe5 dxe5 6. Bg5 c6 7. Be2 Be7
8. O-O O-O 9. Qc1 Qc7 10. Rd1 b5 11. Bd3 Nc5 12. Re1 Bg4 13. Qe3 Ne6 14. Nd2
Bc5 15. Qg3 Nxg5 16. h3 Ne6 17. hxg4 h6 18. Nb3 Bb6 19. a4 b4 20. Ne2 a5 21.
c3 Rad8 22. Bc4 Nc5 23. cxb4 Ncxe4 24. Qf3 Bxf2+ 25. Kh1 Bxe1 26. Rxe1 Nxg4
27. Nxa5 Nef2+ 28. Kg1 Qb6 29. Qxc6 Nh3+ 30. Kh1 Qg1+ {White forfeits on
time} 0-1

[Event "ICCopen2017"]
[Site "Internet Chess Club"]
[Date "2017.03.25"]
[Round "2"]
[White "PazificDreams"]
[Black "waynerooney"]
[Result "1-0"]
[ICCResult "Black resigns"]
[WhiteElo "2699"]
[BlackElo "1952"]
[Opening "QGD: classical variation (5.Bf4)"]
[ECO "D37"]
[NIC "QO.04"]
[Time "14:17:15"]
[TimeControl "180+0"]

1. d4 Nf6 2. Nf3 e6 3. c4 d5 4. Nc3 Be7 5. Bf4 O-O 6. e3 b6 7. cxd5 exd5 8.
Ne5 Bb7 9. Bd3 c5 10. Qf3 Ne4 11. Nxe4 dxe4 12. Bxe4 Bxe4 13. Qxe4 Na6 14.
Nc6 Qe8 15. Nxe7+ Kh8 16. O-O f5 17. Qb7 Nb4 18. dxc5 Rf7 19. Bd6 Rd8 20. a3
bxc5 21. Rfd1 Rd7 22. Qf3 Nc2 23. Rac1 Rfxe7 24. Bxe7 Qxe7 25. Rxc2 Qe4 26.
Rcd2 Rxd2 27. Rxd2 Qb1+ 28. Qd1 {Black resigns} 1-0